AoeStats
← 784f22fd

Arena

514022323Analyzed
3v3 RM · 2d ago on Oct 16, 2026· 33m 10s· 6 players
Game mode
Random Map
Map size
Normal (6 player)
Population
200
Speed
Normal
Resources
Standard
Victory
Conquest
Starting age
Dark Age
Ending age
Imperial Age
RankedLock teamsTeams togetherTeam positionsShared explorationLock speedFull tech treeHidden civsTurbo modeCheats
Victory
Defeat
🇪🇸 Vikings · Spain
1016
+10
🇨🇴 Ethiopians · Colombia
1000
+11
🇨🇳 Franks · China
686
+24
vs
🇨🇳 Khmer · China
967
-19
🇦🇷 Spanish · Argentina
867
-15
🇦🇺 Romans · Australia
784
-11
brianchen0618
5:32 Loom
9:51 Feudal Age
10:18 Double-Bit Axe
10:15 Horse Collar
12:49 Gold Mining
18:18 Castle Age
16:22 Stone Mining
16:29 Man-at-Arms
17:31 Bloodlines
19:22 Bow Saw
24:01 Heavy Plow
26:47 Wheelbarrow
28:06 Pikeman
29:33 Light Cavalry
35:01 Imperial Age
TownsVanFran
0:31 Loom
13:23 Feudal Age
14:37 Double-Bit Axe
14:36 Horse Collar
20:55 Castle Age
20:10 Scale Mail Armor
20:21 Forging
20:28 Man-at-Arms
22:10 Bow Saw
22:10 Heavy Plow
24:12 Wheelbarrow
26:43 Hand Cart
27:30 Stone Mining
27:37 Gold Mining
28:02 Squires
28:02 Long Swordsman
30:14 Chain Mail Armor
30:36 Iron Casting
30:32 Fortified Wall
30:53 Caravan
31:14 Murder Holes
31:49 Pikeman
784f22fd
11:52 Feudal Age
14:49 Castle Age
14:06 Double-Bit Axe
14:08 Horse Collar
25:21 Loom
27:15 Pikeman
polmayans
3:13 Loom
10:50 Feudal Age
9:40 Loom
17:46 Castle Age
15:45 Double-Bit Axe
16:04 Horse Collar
17:56 Forging
17:47 Scale Mail Armor
20:09 Squires
23:16 Chain Mail Armor
23:42 Town Watch
24:29 Heavy Plow
26:56 Pikeman
drampf
10:55 Feudal Age
15:19 Castle Age
26:13 Wheelbarrow
28:01 Forging
31:31 Imperial Age
28:49 Horse Collar
29:28 Scale Mail Armor
29:32 Squires
31:02 Fletching
noob
11:05 Feudal Age
11:36 Double-Bit Axe
17:33 Castle Age
17:26 Scale Barding Armor
18:27 Bow Saw
19:22 Stone Mining
23:14 Forging
25:37 Chain Barding Armor
25:20 Husbandry
27:58 Iron Casting
28:55 Loom
32:26 Wheelbarrow
31:36 Town Watch
Connection lost

Rejoining the realm…

Still unreachable

The connection could not be restored.

Session expired

The server has moved on; the page needs a fresh start.